 Dungeon Crawl Stone Soup version 0.20.0-15-g7f486f2 (webtiles) character file.

84639 Dolanko the Pandemonic (level 15, -2/146 HPs)
             Began as a Deep Dwarf Fighter on July 2, 2017.
             Was a High Priest of Makhleb.
             Slain by a blizzard demon (9 damage)
             ... summoned by the player character
             ... on level 4 of the Snake Pit.
             The game lasted 01:00:14 (21456 turns).

Dolanko the Pandemonic (Deep Dwarf Fighter)        Turns: 21456, Time: 01:00:15

Health: -2/146     AC: 29    Str: 32    XL:     15   Next: 35%
Magic:  5/5        EV:  6    Int:  8    God:    Makhleb [*****.]
Gold:   1779       SH: 14    Dex: 12    Spells: 14/14 levels left

rFire    . . .     SeeInvis .   G - +2 hand axe (freeze)
rCold    . . .     Gourm    .   c - +0 shield
rNeg     + . .     Faith    .   x - +0 plate armour
rPois    +         Spirit   .   t - +0 helmet "Lyhial" {+Inv MR+} (curse)
rElec    .         Reflect  +   N - +2 cloak
rCorr    .         Harm     .   o - +2 pair of gloves
MR       +++..                  k - +2 pair of boots
Stlth    ..........             m - +3 amulet of reflection
Regen    0.0/turn               I - +5 ring of strength
MPRegen  0.1/turn               j - ring of poison resistance

@: liquid flames, about to teleport, non-regenerating, glowing
A: damage resistance, heal wounds, negative energy resistance 1, sense
surroundings 2, no regeneration
a: Heal Wounds, Minor Destruction, Lesser Servant of Makhleb, Major Destruction,
Greater Servant of Makhleb, Renounce Religion, Evoke Invisibility


You were on level 4 of the Snake Pit.
You worshipped Makhleb.
Makhleb was extremely pleased with you.
You were not hungry.

You visited 4 branches of the dungeon, and saw 26 of its levels.
You also visited: Sewer.

You collected 1959 gold pieces.
You spent 180 gold pieces at shops.

Inventory:

Hand Weapons
 E - a +1 hand axe of flaming
 G - a +2 hand axe of freezing (weapon)
Armour
 c - a +0 shield (worn)
 k - a +2 pair of boots (worn)
 o - a +2 pair of gloves (worn)
 t - the cursed +0 helmet "Lyhial" (worn) {+Inv MR+}
   (You found it on level 4 of the Lair of Beasts)

   It affects your resistance to hostile enchantments.
   It lets you turn invisible.
   It has a curse placed upon it.
 x - a +0 plate armour (worn)
 N - a +2 cloak (worn)
Jewellery
 j - a ring of poison resistance (right hand)
 l - an uncursed ring of protection from cold
 m - a +3 amulet of reflection (around neck)
 B - an uncursed ring of protection from magic
 I - a +5 ring of strength (left hand)
Wands
 a - a wand of lightning (0/15)
 b - a wand of scattershot (0/9)
 d - a wand of acid (0/15)
 g - a wand of polymorph (14/24)
 r - a wand of polymorph (13/24)
 s - a wand of confusion (24/48)
 C - a wand of acid (0/15)
 F - a wand of polymorph (4/24)
 O - a wand of random effects (7/48)
 P - a wand of acid (0/15)
 Q - a wand of paralysis (0/24)
 R - a wand of lightning (3/15)
 U - a wand of enslavement (5/24)
 W - a wand of disintegration (0/24)
 X - a wand of polymorph (12/24)
 Y - a wand of scattershot (0/9)
Scrolls
 e - 6 scrolls of remove curse
 i - 7 scrolls of teleportation
 w - 4 scrolls of enchant weapon
 y - 3 scrolls of fog
 J - a scroll of fear
 M - a scroll of recharging
 T - 3 scrolls of identify
Potions
 n - 4 potions of mutation
 p - 3 potions of magic
 q - 9 potions of curing
 u - 10 potions of flight
 z - a potion of berserk rage
 A - a potion of agility
 D - 2 potions of brilliance
 V - a potion of haste
Comestibles
 f - 9 bread rations
 h - 13 meat rations
 v - 12 royal jellies
 H - 3 chunks of flesh
 L - 24 fruits


   Skills:
 + Level 12.7 Fighting
 - Level 14.2 Axes
 + Level 15.0 Armour
 * Level 4.8 Shields
 - Level 17.6 Invocations


You had 14 spell levels left.
You didn't know any spells.

Dungeon Overview and Level Annotations

Branches:
Dungeon (15/15)            Temple (1/1) D:7            Lair (6/6) D:10
 Shoals (0/4) Lair:2        Snake (4/4) Lair:4        Slime (0/5) Lair:5
    Orc (0/2) D:12         Vaults (0/5) D:13         Depths (0/5) D:15

Altars:
Ashenzari
Cheibriados
Dithmenos
Elyvilon
Fedhas
Gozag
Hepliaklqana
Kikubaaqudgha
Makhleb
Nemelex Xobeh
Okawaru
Qazlal
Ru
Sif Muna
Trog
Uskayaw
Vehumet
Xom
Yredelemnul
Zin
The Shining One
Beogh

Shops:
D:4 (   D:5 [[([   D:12 (   D:14 :   Snake:2 ?

Portals:
Trove: D:12 (show abyssal rune of Zot)

Annotations:
Snake:4 Vashnia


Innate Abilities, Weirdness & Mutations

You are resistant to damage.
You can heal yourself by infusing magical energy.
You resist negative energy. (rN+)
You passively map the area around you.
You do not regenerate.


Message History

The balrug gestures at you. The sticky flame hits you!
You are covered in liquid flames!
Your smoke demon gestures at the blizzard demon.
The sticky flame hits the blizzard demon.
The blizzard demon is burned terribly!
The blizzard demon is covered in liquid flames!
Your smoke demon hits the blizzard demon.
Your smoke demon hits the blizzard demon but does no damage.
Your smoke demon barely misses the blizzard demon.
As you read the scroll of teleportation, it crumbles to dust.
You feel strangely unstable.
You are engulfed in a cloud of scalding steam.
* * * LOW HITPOINT WARNING * * *
You are covered in liquid flames!
* * * LOW HITPOINT WARNING * * *
The blizzard demon burns!
The black mamba is engulfed in a cloud of scalding steam.
The blizzard demon hits you!
You die...

,,,,,,,,,,N...##N.N,,,*
,,,,,,,,,,,.......,**,**
,,,,,,,,,,,,N(....****,*
,,,,,,,,,,,,,....** ***
,,,,**+*,,,#*#.§.*
*****,,**###.#§N#*
,,,,,,,,,....'§S###
,,,,,,,,,,,,,#N22§#####
,,,,,,,,,,,,,#33@.....#
,,,,,,,,,,,,,#.......##
,,,,,,,,,,,,,#......##
,,,,,,,,,,,,,#.....##
,,,,,,,*****,#.....#
,,,,****,,,+*#....##
,,,**,,,,,,,,#.....##
,,,*,,,,,,,,,#......#
,,,**,,,,,,,*#......####


You could see a balrug, a naga sharpshooter (fleeing), a blizzard demon
(burning), a black mamba, a naga mage and 2 friendly smoke demons.

Vanquished Creatures
  Aizul (Snake:3)
  The ghost of RumaTero the Cleaver, a journeyman DDFi of Makhleb (Lair:4)
  Snorg (D:13)
  3 vault guards (D:13)
  6 hydras
  6 naga warriors
  A centaur warrior (D:13)
  5 anacondas
  10 two-headed ogres
  An ogre mage (D:15)
  The ghost of tschems the Cleaver, a novice HuFi of Okawaru (D:8)
  5 shock serpents
  3 naga sharpshooters
  Urug (Lair:5)
  A salamander mystic (Snake:3)
  3 sea snakes (Snake:2)
  A wizard (D:13)
  3 naga ritualists
  2 lindwurms
  2 orc knights (D:13)
  7 mana vipers
  2 deep elf magi
  An orc sorcerer (D:13)
  A necromancer (D:15)
  7 salamanders
  An ugly thing (D:11)
  A centaur zombie (D:8)
  A guardian serpent (Snake:2)
  3 elephants (Lair:5)
  A spiny frog (shapeshifter) (D:13)
  8 naga magi
  3 centaur skeletons
  15 black mambas
  5 spiny frogs
  2 gargoyles
  A yaktaur (D:13)
  3 komodo dragons
  2 rime drakes (Lair:2)
  A wind drake (Lair:2)
  4 trolls
  A hornet (Lair:4)
  2 dream sheep (D:8)
  A blink frog (Lair:2)
  2 slime creatures (D:14)
  6 hippogriffs
  A deep troll skeleton (D:15)
  A fire elemental (Lair:1)
  22 yaks
  2 wyverns
  A basilisk (Lair:4)
  2 hungry ghosts
  4 acid dragons
  9 water moccasins
  18 nagas
  6 porcupines
  10 orc warriors
  A sky beast (D:9)
  4 phantoms
  5 black bears
  4 ice beasts
  13 ogres
  An eye of draining (D:10)
  12 wolves
  20 centaurs
  6 crocodiles
  The ghost of gorpus the Chiller, an amateur OpIE (D:3)
  17 bullfrogs
  5 big kobolds
  2 gnoll sergeants
  A wyvern zombie (D:8)
  A wyvern skeleton (D:9)
  5 scorpions
  12 killer bees
  12 wights
  4 electric eels
  A howler monkey (D:12)
  7 crimson imps
  4 bullfrog zombies
  3 jellies
  4 bullfrog skeletons
  9 hounds
  10 orc wizards
  9 orc priests
  Crazy Yiuf (D:3)
  4 iguanas
  11 worker ants
  2 hound skeletons
  A worker ant zombie (D:7)
  6 gnolls
  A howler monkey skeleton (D:4)
  2 river rats (D:10)
  26 adders
  A shadow imp (D:10)
  3 oozes
  An adder zombie (D:5)
  2 adder skeletons
  5 worms
  2 dart slugs (D:2)
  8 leopard geckos
  49 orcs
  19 bats
  5 giant cockroaches
  6 hobgoblins
  13 jackals
  19 kobolds
  4 quokkas
  7 ball pythons
  10 frilled lizards
  14 goblins
  A leopard gecko skeleton (D:4)
  6 rats
  A spectral orc (D:3)
  2 fungi (Lair:2)
  A plant (Lair:4)
620 creatures vanquished.

Vanquished Creatures (collateral kills)
  A nagaraja (Snake:4)
  The ghost of cba the Unseen, a journeyman FeBe of Trog (Snake:2)
  The ghost of n0isemaker the Impaler, a journeyman MfGl of Yredelemnul (D:12)
  2 anacondas
  A naga sharpshooter (Snake:4)
  2 shock serpents (Snake:3)
  A mana viper (Snake:3)
  A salamander (Snake:4)
  2 naga magi
  2 blink frogs (Lair:2)
  A basilisk (D:12)
  3 nagas
  A sky beast (D:12)
  An ice beast (D:12)
20 creatures vanquished.

Vanquished Creatures (others)
  An orc warrior (D:13)
  A centaur (D:11)
  3 fungi
  6 plants
11 creatures vanquished.

Grand Total: 651 creatures vanquished

Notes
Turn   | Place    | Note
-------+----------+-------------------------------------------
     0 | D:1      | Dolanko the Deep Dwarf Fighter began the quest for the Orb.
     0 | D:1      | Reached XP level 1. HP: 20/20 MP: 1/1
   130 | D:1      | Reached XP level 2. HP: 25/28 MP: 2/2
   722 | D:1      | Reached XP level 3. HP: 23/34 MP: 3/3
   886 | D:2      | Found a white marble altar of Elyvilon.
  1066 | D:2      | Found a shattered altar of Ashenzari.
  1163 | D:2      | Reached XP level 4. HP: 39/42 MP: 4/4
  1581 | D:3      | Noticed gorpus's ghost (amateur OpIE)
  1613 | D:3      | Killed gorpus's ghost
  1613 | D:3      | Reached XP level 5. HP: 46/50 MP: 4/4
  2257 | D:3      | Found a basalt altar of Yredelemnul.
  2362 | D:3      | Found a runed door.
  2366 | D:3      | Noticed Crazy Yiuf
  2380 | D:3      | Killed Crazy Yiuf
  2480 | D:4      | Reached skill level 5 in Axes
  2480 | D:4      | Reached XP level 6. HP: 22/57 MP: 5/5
  2581 | D:4      | Reached skill level 5 in Armour
  2621 | D:4      | Reached XP level 7. HP: 35/66 MP: 6/6
  2722 | D:4      | Found Uckeank's Antique Weapon Boutique.
  3057 | D:4      | Found a glowing drain.
  3094 | Sewer    | Entered a sewer
  3560 | D:5      | Entered Level 5 of the Dungeon
  3585 | D:5      | Found Fono's Armour Shoppe.
  3640 | D:5      | Found Semi's Antique Armour Shop.
  3727 | D:5      | Found Araenaa's Antique Weapon Emporium.
  3740 | D:5      | Found Peagenen's Antique Armour Boutique.
  3801 | D:5      | Got a crystal scimitar
  3802 | D:5      | Identified the +1 scimitar of Dung {slice, rF- rN+ MP-9 Int+7} (You found it on level 5 of the Dungeon)
  3897 | D:5      | Reached skill level 5 in Fighting
  4141 | D:6      | Reached XP level 8. HP: 45/74 MP: 6/6
  4379 | D:6      | Found a shadowy altar of Dithmenos.
  4391 | D:6      | Found a blossoming altar of Fedhas.
  4391 | D:6      | Found a stormy altar of Qazlal.
  4682 | D:7      | Found a staircase to the Ecumenical Temple.
  4708 | Temple   | Entered the Ecumenical Temple
  5030 | D:7      | Gained mutation: You passively map the area around you. [Deep Dwarf growth]
  5030 | D:7      | Reached XP level 9. HP: 46/82 MP: 5/5
  5293 | D:8      | Found a shattered altar of Ashenzari.
  5480 | D:8      | Reached skill level 10 in Axes
  5610 | D:8      | Noticed tschems's ghost (novice HuFi)
  5631 | D:8      | Killed tschems's ghost
  5801 | D:8      | Noticed a two-headed ogre
  5821 | D:8      | Killed a two-headed ogre
  5821 | D:8      | Reached XP level 10. HP: 52/94 MP: 6/6
  5998 | D:8      | Noticed a three-headed hydra
  6003 | D:8      | Killed a three-headed hydra
  6122 | D:8      | Found a burning altar of Makhleb.
  6129 | D:8      | Found an ancient bone altar of Kikubaaqudgha.
  6133 | D:8      | Became a worshipper of Makhleb the Destroyer
  6137 | D:8      | Found a shimmering altar of Xom.
  6141 | D:8      | Found a radiant altar of Vehumet.
  6204 | D:8      | Noticed a two-headed ogre
  6221 | D:8      | Killed a two-headed ogre
  6467 | D:9      | Noticed a two-headed ogre
  6482 | D:9      | Killed a two-headed ogre
  6482 | D:9      | Reached XP level 11. HP: 14/104 MP: 7/7
  6574 | D:9      | Reached skill level 10 in Armour
  6588 | D:9      | Noticed a two-headed ogre
  6597 | D:9      | Killed a two-headed ogre
  6835 | D:9      | Reached * piety under Makhleb
  7492 | D:10     | Entered Level 10 of the Dungeon
  7514 | D:10     | Noticed a two-headed ogre
  7527 | D:10     | Killed a two-headed ogre
  7640 | D:10     | Reached ** piety under Makhleb
  7900 | D:10     | Found a staircase to the Lair.
  8311 | D:10     | Reached skill level 1 in Invocations
  8535 | D:10     | Reached skill level 2 in Invocations
  8539 | Lair:1   | Entered Level 1 of the Lair of Beasts
  8602 | Lair:1   | Reached skill level 3 in Invocations
  8923 | Lair:1   | Reached *** piety under Makhleb
  8925 | Lair:1   | Reached skill level 4 in Invocations
  9379 | Lair:1   | Reached XP level 12. HP: 46/115 MP: 9/9
  9400 | Lair:2   | Reached skill level 5 in Invocations
  9565 | Lair:2   | Reached skill level 6 in Invocations
  9692 | Lair:2   | Noticed a four-headed hydra
  9698 | Lair:2   | Killed a four-headed hydra
  9771 | Lair:2   | Reached skill level 7 in Invocations
  9783 | Lair:2   | Found a staircase to the Shoals.
 10385 | Lair:3   | Noticed a six-headed hydra
 10394 | Lair:3   | Killed a ten-headed hydra
 10443 | Lair:3   | Noticed a seven-headed hydra
 10467 | Lair:3   | Killed a 19-headed hydra
 10467 | Lair:3   | Reached skill level 10 in Fighting
 10467 | Lair:3   | Reached skill level 8 in Invocations
 10729 | Lair:3   | Found a basalt altar of Yredelemnul.
 11155 | Lair:4   | Found a staircase to the Snake Pit.
 11171 | Lair:4   | Reached skill level 9 in Invocations
 11348 | Lair:4   | Reached **** piety under Makhleb
 11348 | Lair:4   | Reached skill level 10 in Invocations
 11394 | Lair:4   | Noticed RumaTero's ghost (journeyman DDFi)
 11465 | Lair:4   | Killed RumaTero's ghost
 11808 | Lair:4   | Got a shimmering helmet
 11819 | Lair:4   | Identified the cursed +0 helmet "Lyhial" {+Inv MR+} (You found it on level 4 of the Lair of Beasts)
 12161 | Lair:5   | Noticed Urug
 12165 | Lair:5   | Noticed a four-headed hydra
 12184 | Lair:5   | Killed a four-headed hydra
 12184 | Lair:5   | Reached skill level 11 in Invocations
 12184 | Lair:5   | Reached XP level 13. HP: 92/124 MP: 14/14
 12192 | Lair:5   | Killed Urug
 12481 | Lair:5   | Found a staircase to the Slime Pits.
 13033 | Lair:6   | Entered Level 6 of the Lair of Beasts
 13682 | D:11     | Reached skill level 12 in Invocations
 13975 | D:11     | Found a glowing golden altar of the Shining One.
 14090 | D:12     | Found a staircase to the Orcish Mines.
 14126 | D:12     | Noticed n0isemaker's ghost (journeyman MfGl)
 14172 | D:12     | Killed n0isemaker's ghost
 14303 | D:12     | Found a portal to a secret trove of treasure.
 14319 | D:12     | Found a hazy altar of Hepliaklqana.
 14395 | D:12     | Found Neoptip's Weapon Emporium.
 14454 | D:12     | Found a roughly hewn altar of Beogh.
 14675 | D:13     | Found a hazy altar of Hepliaklqana.
 14723 | D:13     | Noticed Snorg
 14724 | D:13     | Reached skill level 13 in Invocations
 14746 | D:13     | Killed Snorg
 14985 | D:13     | Reached ***** piety under Makhleb
 15093 | D:13     | Found a gate to the Vaults.
 15123 | D:13     | Reached skill level 14 in Invocations
 15748 | D:14     | Found Goemahim's Book Emporium.
 15909 | D:14     | Gained mutation: You resist negative energy. (rN+) [Deep Dwarf growth]
 15909 | D:14     | Reached XP level 14. HP: 99/135 MP: 14/14
 16298 | D:14     | Found a blossoming altar of Fedhas.
 16359 | D:15     | Entered Level 15 of the Dungeon
 16784 | Snake:1  | Entered Level 1 of the Snake Pit
 16947 | Snake:1  | Reached skill level 15 in Invocations
 18264 | Snake:2  | Found Vuaduepse's Magic Scroll Shop.
 18273 | Snake:2  | Bought a scroll of recharging for 180 gold pieces
 18457 | Snake:2  | Reached skill level 16 in Invocations
 19128 | Snake:2  | Reached ****** piety under Makhleb
 19273 | Snake:2  | Noticed cba's ghost (journeyman FeBe)
 19322 | Snake:2  | Killed cba's ghost
 19911 | Snake:3  | Noticed Aizul
 19947 | Snake:3  | Killed Aizul
 20044 | Snake:3  | Reached skill level 17 in Invocations
 20114 | Snake:3  | Reached XP level 15. HP: 78/146 MP: 7/7
 21131 | Snake:4  | Entered Level 4 of the Snake Pit
 21225 | Snake:4  | Noticed a nagaraja
 21270 | Snake:4  | Killed a nagaraja
 21343 | Snake:4  | Reached skill level 15 in Armour
 21446 | Snake:4  | Noticed Vashnia
 21456 | Snake:4  | HP: 7/146 [burnt (3)]
 21456 | Snake:4  | Slain by a blizzard demon

Skill      XL: |  1  2  3  4  5  6  7  8  9 10 11 12 13 14 15 |
---------------+----------------------------------------------+-----
Fighting       | 3 4 5 6 7 8 9 10 11 12 | 12.7
Axes           | 3 4 5 7 9 11 13 14 | 14.2
Armour         | 4 5 6 7 8 9 11 12 13 14 15 | 15.0
Invocations    | 4 11 14 17 | 17.6
Shields        | 4 |  4.8

Action                   |  1- 3 |  4- 6 |  7- 9 | 10-12 | 13-15 || total
-------------------------+-------+-------+-------+-------+-------++-------
Melee: War axe           |   151 |   198 |   287 |       |       ||   636
       Hand axe          |       |       |   114 |  1017 |  1617 ||  2748
Invok: Lesser Servant of |       |       |       |     1 |     7 ||     8
       Major Destruction |       |       |       |       |     7 ||     7
       Greater Servant o |       |       |       |       |     7 ||     7
 Abil: Heal Wounds       |     1 |     8 |    10 |    14 |    59 ||    92
Evoke: Wand              |       |       |       |    29 |    14 ||    43
  Use: Scroll            |       |     3 |     7 |    20 |    13 ||    43
       Potion            |       |       |     4 |    11 |    10 ||    25
 Stab: Paralysed         |       |       |       |    18 |       ||    18
       Invisible         |       |       |       |    14 |       ||    14
       Distracted        |       |       |       |     1 |     3 ||     4
  Eat: Chunk             |     1 |     5 |    12 |    21 |     6 ||    45
       Royal jelly       |       |       |       |       |     3 ||     3
       Meat ration       |       |       |       |       |     4 ||     4
       Bread ration      |       |       |       |       |     2 ||     2
Armor: Scale mail        |    58 |   106 |       |       |       ||   164
       Plate armour      |       |       |   246 |   464 |   605 ||  1315
Dodge: Dodged            |    44 |    75 |    89 |   146 |   181 ||   535
Block: Shield            |    85 |   116 |   230 |   381 |   782 ||  1594
       Reflection        |       |       |       |       |    69 ||    69
